 Dungeon Crawl Stone Soup version 0.21-a0-221-gfe971b9 (webtiles) character file.

14 Ladykiller69 the Charmwright (level 2, -2/22 HPs)
             Began as a Formicid Skald on Aug 24, 2017.
             Slain by a gnoll (6 damage)
             ... on level 1 of the Dungeon.
             The game lasted 00:01:40 (850 turns).

Ladykiller69 the Charmwright (Formicid Skald)        Turns: 850, Time: 00:01:41

Health: -2/22      AC:  3    Str: 15    XL:     2   Next: 60%
Magic:  3/5        EV: 10    Int: 12    God:
Gold:   0          SH:  0    Dex: 10    Spells: 3/6 levels left

rFire    . . .     SeeInvis +   a - +0 hand axe
rCold    . . .     Gourm    .   (no shield)
rNeg     . . .     Faith    .   b - +0 leather armour
rPois    .         Spirit   .   (helmet unavailable)
rElec    .         Reflect  .   (no cloak)
rCorr    .         Harm     .   (no gloves)
MR       .....                  (no boots)
Stlth    +.........             (no amulet)
HPRegen  0.07/turn              (no ring)
MPRegen  0.09/turn              (no ring)

@: very slightly contaminated, heavily drained
A: permanent stasis, dig shafts and tunnels, four strong arms, antennae 3
a: Dig, Shaft Self


You were on level 1 of the Dungeon.
You were not hungry.

You visited 1 branch of the dungeon, and saw 1 of its levels.

Inventory:

Hand Weapons
 a - a +0 hand axe (weapon)
Armour
 b - a +0 leather armour (worn)
Scrolls
 e - a scroll of enchant weapon {unknown}
 g - a scroll of identify {unknown}
Books
 c - a book of Battle

   Spells                             Type                      Level
   a - Infusion                       Charms                       1
   b - Shroud of Golubria             Charms/Translocation         2
   c - Song of Slaying                Charms                       2
   d - Spectral Weapon                Hexes/Charms                 3
   e - Regeneration                   Charms/Necromancy            3
Comestibles
 d - a bread ration
 f - 2 chunks of flesh


   Skills:
 - Level 2.1(0.0) Fighting
 + Level 2.2(0.0) Axes
 - Level 1.1(0.0) Armour
 - Level 2.0(0.0) Dodging
 + Level 2.5(0.3) Spellcasting
 + Level 3.1(0.9) Charms
 + Level 0.3(0.0) Translocations


You had 3 spell levels left.
You knew the following spells:

 Your Spells              Type           Power        Failure   Level  Hunger
a - Infusion              Chrm           #...         26%         1    ##.....
b - Shroud of Golubria    Chrm/Tloc      #.........   45%         2    ###....


Dungeon Overview and Level Annotations

Branches:
Dungeon (1/15)

Altars:


Innate Abilities, Weirdness & Mutations

You cannot be hasted, slowed, berserked, paralysed or teleported.
You can dig through walls and to a lower floor.
Your four strong arms can wield two-handed weapons with a shield.
You have a pair of large antennae on your head. (SInv)


Message History

The gnoll is moderately wounded.
The gnoll hits you.
You barely miss the gnoll.
The gnoll is moderately wounded.
The gnoll hits you. The gnoll closely misses you.
You barely miss the gnoll.
The gnoll is moderately wounded.
You are no longer magically infusing your attacks.
The gnoll closely misses you.
Casting: Infusion
Confirm with . or Enter, or press ? or * to list all spells.
You miscast Infusion.
You are very lightly contaminated with residual magic.
Multicoloured lights dance before your eyes!
The gnoll hits you!
* * * LOW HITPOINT WARNING * * *
You barely miss the gnoll.
The gnoll is moderately wounded.
The gnoll hits you.
You die...

########################
#.......................
#.######.......###...... #######
#.# #.#.............. ......# #.#
#.#.#............ ......# #.#
#.###............ ......# #.#
#..........##.###
......####.############'#####.#
......#........g@...#.....###.###
...........########.#.......#....
.###.....#.## #.........#####
≈≈≈?≈....##.##########.......####
≈≈.≈≈≈≈≈..>..........#.##......§.
♣≈.≈♣♣♣≈.+##.#######.#.##...).§§≈
♣≈≈≈ ♣≈≈...#.######.#.##.....§≈§
♣≈≈≈ ♣≈.............#.##.....≈≈§
≈≈.≈ ≈≈≈....###.....##.##.....≈§≈


You could see a gnoll.

Vanquished Creatures
  2 dart slugs (D:1)
  A bat (D:1)
  A giant cockroach (D:1)
  3 kobolds (D:1)
  A frilled lizard (D:1)
  2 rats (D:1)
10 creatures vanquished.

Notes
Turn   | Place    | Note
-------+----------+-------------------------------------------
     0 | D:1      | Ladykiller69 the Formicid Skald began the quest for the Orb.
     0 | D:1      | Reached XP level 1. HP: 16/16 MP: 3/3
   109 | D:1      | Reached XP level 2. HP: 22/22 MP: 5/5
   113 | D:1      | Learned a level 2 spell: Shroud of Golubria
   850 | D:1      | Slain by a gnoll

Vault maps used:
D:1:      lemuel_arrival_lava_pool, kennysheep_boxes

Skill      XL: |  1 |
---------------+----+-----
Dodging        | 2 |  2.0
Fighting       | |  2.1
Axes           | |  2.2
Armour         | |  1.1
Spellcasting   | |  2.5
Charms         | |  3.1
Translocations | |  0.3

Action                   || total
-------------------------++-------
Melee: Hand axe          ||    53
 Cast: Infusion          ||     2
 Abil: Dig               ||     3
Armor: Leather armour    ||    15
Dodge: Dodged            ||    35

Table legend:
 A = Spawn XP
 B = Non-spawn XP
 C = Spawn XP percentage of total XP
 D = Spawn monster count
 E = Non-spawn monster count
 F = Spawn count percentage of total count
 G = Total turns spent on level
                    A         B        C        D         E        F      G
               +---------+---------+-------+---------+---------+-------+---------
         Total |       0 |      21 |   0.0 |       0 |      10 |   0.0 |   850
               +---------+---------+-------+---------+---------+-------+---------
           D:1 |       0 |      21 |   0.0 |       0 |      10 |   0.0 |   850
               +---------+---------+-------+---------+---------+-------+---------
